AoeStats
← Python 1.4.21

Oasis

508207513Analyzed
4v4 RM · 12d ago on Sep 21, 2026· 28m 25s· 8 players
Game mode
Random Map
Map size
Large (8 player)
Population
200
Speed
Normal
Resources
Standard
Victory
Conquest
Starting age
Dark Age
Ending age
Imperial Age
RankedLock teamsTeams togetherTeam positionsShared explorationLock speedFull tech treeHidden civsTurbo modeCheats
Victory
Defeat
🇸🇬 Hindustanis · Singapore
1660
+13
🇨🇳 Ethiopians · China
1631
+14
🇨🇳 Dravidians · China
1583
+16
🇿🇦 Cumans · South Africa
1573
+16
🇹🇼 Japanese · Taiwan
1669
-19
🇹🇼 Italians · Taiwan
1626
-16
🇹🇼 Khmer · Taiwan
1564
-14
🇹🇼 Malians · Taiwan
1475
-10
Vegeta
6:32 Loom
8:51 Feudal Age
9:54 Double-Bit Axe
10:31 Horse Collar
13:43 Scale Barding Armor
16:17 Forging
19:12 Bloodlines
23:39 Castle Age
22:13 Gold Mining
23:41 Light Cavalry
24:21 Husbandry
24:42 Chain Barding Armor
24:56 Bow Saw
24:49 Heavy Plow
SAVIOR
7:42 Loom
10:06 Feudal Age
11:30 Double-Bit Axe
12:35 Fletching
13:19 Horse Collar
15:48 Padded Archer Armor
22:27 Castle Age
22:34 Crossbowman
23:09 Bodkin Arrow
25:37 Leather Archer Armor
27:26 Ballistics
VIVIAN
5:07 Loom
9:26 Feudal Age
10:44 Wheelbarrow
9:56 Double-Bit Axe
14:26 Fletching
19:13 Padded Archer Armor
22:49 Castle Age
20:46 Horse Collar
21:07 Gold Mining
23:53 Hand Cart
23:35 Bodkin Arrow
23:12 Crossbowman
26:40 Ballistics
26:16 Elite Skirmisher
Pielover757
6:17 Loom
9:54 Feudal Age
10:37 Double-Bit Axe
14:08 Scale Barding Armor
22:11 Castle Age
21:53 Bloodlines
22:31 Forging
24:52 Gold Mining
27:15 Chain Barding Armor
Python 1.4.21
5:38 Loom
8:48 Feudal Age
11:17 Fletching
19:58 Double-Bit Axe
25:17 Castle Age
25:42 Gold Mining
25:21 Crossbowman
25:58 Bodkin Arrow
28:15 Padded Archer Armor
28:58 Wheelbarrow
海豹 Seal
6:15 Loom
9:25 Feudal Age
12:36 Fletching
19:39 Padded Archer Armor
26:34 Castle Age
24:41 Double-Bit Axe
星空夜羽
6:21 Loom
8:58 Feudal Age
9:47 Double-Bit Axe
10:24 Horse Collar
16:27 Scale Barding Armor
22:03 Castle Age
20:38 Forging
21:06 Bloodlines
21:06 Gold Mining
23:09 Chain Barding Armor
23:25 Wheelbarrow
23:15 Husbandry
22:36 Light Cavalry
28:15 Bow Saw
TATTOO
6:14 Loom
8:58 Feudal Age
9:37 Double-Bit Axe
20:39 Castle Age
18:58 Scale Barding Armor
19:26 Forging
19:56 Bloodlines
19:52 Gold Mining
20:59 Light Cavalry
22:05 Chain Barding Armor
23:01 Bow Saw
Connection lost

Rejoining the realm…

Still unreachable

The connection could not be restored.

Session expired

The server has moved on; the page needs a fresh start.